 Dungeon Crawl Stone Soup version 0.29-a0-284-gf9362112df (webtiles) character file.

Game seed: 2906545697833139061

301 pascalblue the Caller (level 6, -1/33 HPs)
             Began as a Deep Elf Summoner on Mar 25, 2022.
             Succumbed to Sigmund's poison
             ... on level 4 of the Dungeon.
             The game lasted 00:17:17 (4270 turns).

pascalblue the Caller (Deep Elf Summoner)           Turns: 4270, Time: 00:17:17

Health: -1/33      AC:  7    Str:  5    XL:     6   Next: 14%
Magic:  15/15      EV: 12    Int: 22    God:
Gold:   121        SH:  0    Dex: 15    Spells: 4/15 levels left

rFire   . . .      SeeInvis .   h - +2 short sword (vamp)
rCold   . . .      Faith    +   (no shield)
rNeg    . . .      Spirit   .   a - +0 robe
rPois   .          Reflect  .   (no helmet)
rElec   .          Harm     .   (no cloak)
rCorr   .          Rampage  .   (no gloves)
Will    .....                   e - +0 pair of boots
Stlth   ++........              d - amulet of faith
HPRegen 0.11/turn               k - +4 ring of protection
MPRegen 0.14/turn               (no ring)

@: lethally poisoned (-1 -> -6), attractive
A: no striking features
a: no special abilities


You were on level 4 of the Dungeon.
You visited 1 branch of the dungeon, and saw 4 of its levels.

You collected 176 gold pieces.
You spent 55 gold pieces at shops.

Inventory:

Hand Weapons
 c - a +1 dagger
 h - a +2 vampiric short sword (weapon)
Armour
 a - a +0 robe (worn)
 e - a +0 pair of boots (worn)
Jewellery
 d - an amulet of faith (around neck)
 k - a +4 ring of protection (left hand)
 p - a ring of ice
Scrolls
 m - a scroll of silence
 n - 2 scrolls of identify {unknown}
 r - a scroll of holy word {unknown}
Potions
 b - 2 potions of magic
 j - a potion of ambrosia {unknown}
 l - a potion of flight {unknown}
 o - a potion of mutation {unknown}
 q - a potion of curing {unknown}


   Skills:
 - Level 0.3 Fighting
 - Level 1.1 Short Blades
 - Level 2.4 Dodging
 - Level 2.4 Stealth
 + Level 5.0 Spellcasting
 + Level 0.1 Conjurations
 + Level 3.0 Hexes
 + Level 6.5 Summonings
 + Level 0.0 Air Magic


You had 4 spell levels left.
You knew the following spells:

 Your Spells              Type           Power      Damage    Failure   Level
a - Summon Small Mammal   Summ           100%       N/A       1%          1
b - Call Imp              Summ           34%        N/A       1%          2
c - Magic Dart            Conj           24%        1d4       10%         1
d - Summon Guardian Gole  Hex/Summ       26%        N/A       4%          3
e - Summon Lightning Spi  Summ/Air       20%        N/A       26%         4

Your spell library contained the following spells:

 Spells                   Type           Power      Damage    Failure   Level
 Call Canine Familiar     Summ           34%        N/A       1%          3
 Tukima's Dance           Hex            19%        N/A       9%          3
 Apportation              Tloc           10%        N/A       10%         1
 Mephitic Cloud           Conj/Pois/Air  5%         N/A       28%         3
 Passage of Golubria      Tloc           5%         N/A       69%         4
 Yara's Violent Unravell  Hex/Tmut       6%         3d5       83%         5


Dungeon Overview and Level Annotations

Branches:
Dungeon (4/15)
 Temple: D:4-7

Altars:

Shops:
D:2 !

Annotations:
D:4 Sigmund


Message History

You are more confused.
You feel very sick. Something hits you but does no damage.
You feel very sick.
* * * LOW HITPOINT WARNING * * *
You feel very sick. Something hits you.
* * * LOW HITPOINT WARNING * * *
You are more poisoned.
You feel much better.
You feel very sick. Something hits you.
You are more poisoned.
You feel very sick.
* * * LOW HITPOINT WARNING * * *
You feel very sick.
You hear some strange, mumbled words.
A puff of flame appears from out of thin air!
The puff of flame hits you.
* * * LOW HITPOINT WARNING * * *
You feel much better.
You feel very sick. Something hits you!
* * * LOW HITPOINT WARNING * * *
You feel less confused.
* * * LOW HITPOINT WARNING * * *
You feel very sick. Something barely misses you.
* * * LOW HITPOINT WARNING * * *
You feel very sick.
A hobgoblin comes into view.
* * * LOW HITPOINT WARNING * * *
You feel sick.
It was a potion of cancellation.
You feel magically purged.
* * * LOW HITPOINT WARNING * * *
You feel sick.
Something barely misses your shadow imp.
It was a potion of attraction.
You feel attractive to monsters.
You die...

####......##.#
...)).....##.#
..........##.# ######
.)........##.# #....#
....#.#####..# #..#.#
.............###.>#.#
....#....#.......)..#
###.#.####...###r5###
....#.# #...# #@.#
......# #........#
.....######........#
......).....####...#
#..).##.###.# #...#
..#####.###.# ....#
....#.......###.#.##
....#.#......... g#
....#.......###.


You could see a hobgoblin (asleep), a friendly shadow imp (summoned) and a
friendly quokka (summoned).

Vanquished Creatures
  An orc priest (D:3)
  A gnoll (D:2)
  3 adders
  A white imp (D:3)
  2 dart slugs
  An orc (D:4)
  A giant cockroach (D:2)
  A goblin (D:2)
  4 hobgoblins
  4 ball pythons
  3 bats
  A frilled lizard (D:3)
  A kobold (D:4)
  2 rats
26 creatures vanquished.

Vanquished Creatures (collateral kills)
  An ogre (D:4)
  An orc wizard (D:3)
  2 gnolls (D:2)
  An adder (D:2)
  2 dart slugs
  7 orcs
  3 ball pythons
  3 bats
  6 endoplasms
  2 giant cockroaches
  4 goblins
  5 hobgoblins
  2 frilled lizards
  10 kobolds
  2 rats
51 creatures vanquished.

Vanquished Creatures (others)
  A fungus (D:1)
1 creature vanquished.

Grand Total: 78 creatures vanquished

Notes
Turn   | Place    | Note
-------+----------+-------------------------------------------
     0 | D:1      | pascalblue the Deep Elf Summoner began the quest for the
                  | Orb.
     0 | D:1      | Reached XP level 1. HP: 10/10 MP: 6/6
   337 | D:1      | Reached XP level 2. HP: 7/15 MP: 6/8
   459 | D:1      | Found a faded altar of an unknown god.
   461 | D:1      | Reached skill level 5 in Summonings
   632 | D:1      | Got Plato's Grimoire of the Traveller
   636 | D:1      | Learned a level 2 spell: Call Imp
   696 | D:1      | Learned a level 1 spell: Magic Dart
  1543 | D:2      | Reached XP level 3. HP: 19/19 MP: 5/9
  1547 | D:2      | Learned a level 3 spell: Summon Guardian Golem
  1591 | D:2      | Reached skill level 1 in Hexes
  2028 | D:2      | Found Hunu's Distillery.
  2043 | D:2      | Bought a potion of heal wounds for 55 gold pieces
  2379 | D:2      | Reached XP level 4. HP: 19/24 MP: 9/11
  3299 | D:3      | Reached XP level 5. HP: 28/28 MP: 5/13
  3330 | D:3      | Reached skill level 6 in Summonings
  4043 | D:4      | Noticed an ogre
  4048 | D:4      | Killed an ogre
  4049 | D:4      | Reached skill level 1 in Short Blades
  4049 | D:4      | Reached XP level 6. HP: 33/33 MP: 10/15
  4065 | D:4      | Learned a level 4 spell: Summon Lightning Spire
  4121 | D:4      | Reached skill level 5 in Spellcasting
  4248 | D:4      | Noticed Sigmund
  4256 | D:4      | HP: 1/33 [something (10)]
  4269 | D:4      | HP: 1/33 [poisoned by Sigmund]
  4270 | D:4      | Succumbed to Sigmund's poison

Illustrated notes

Levels and vault maps discovered:
D:1:      scummos_arrival_gate, layout_loops_ring,
          shapermc_ecumenical_altar_rom_forum
D:2:      layout_loops_ring, serial_shops, nicolae_shop_statue_plus
D:3:      layout_loops_corners, chequers_serial_rivers_micro_b
D:4:      layout_basic, uniq_ijyb, uniq_sigmund

Skill      XL: |  1  2  3  4  5  6 |
---------------+-------------------+-----
Summonings     | 5 6 |  6.5
Hexes          | 1 2 3 |  3.0
Spellcasting   | 4 5 |  5.0
Short Blades   | 1 |  1.1
Fighting       | |  0.3
Dodging        | |  2.4
Stealth        | |  2.4
Conjurations   | |  0.1

Action                   |  1- 3 |  4- 6 || total
-------------------------+-------+-------++-------
Melee: Dagger            |    11 |       ||    11
       Short sword       |    34 |    62 ||    96
       Punch             |     1 |       ||     1
 Cast: Summon Small Mamm |    40 |    32 ||    72
       Call Imp          |    12 |    13 ||    25
       Magic Dart        |     2 |       ||     2
  Use: Scroll            |     6 |       ||     6
       Potion            |       |     5 ||     5
 Stab: Sleeping          |     3 |     1 ||     4
       Distracted        |       |     3 ||     3
Armor: Robe              |    22 |    27 ||    49
Dodge: Dodged            |    47 |    43 ||    90

Table legend: (Time is in decaauts)
 A = Elapsed time spent in this place.
 B = Non-inter-level travel time spent in this place.
 C = Inter-level travel time spent in this place.
 D = Time resting spent in this place.
 E = Time spent auto-exploring this place.
 F = Levels seen in this place.
 G = Mean time per level.
                   A        B        C        D        E       F      G
               +--------+--------+--------+--------+--------+-----+--------+
         Total |   4276 |   4150 |    126 |    352 |   2835 |   4 | 1069.0 |
       Dungeon |   4276 |   4150 |    126 |    352 |   2835 |   4 | 1069.0 |
               +--------+--------+--------+--------+--------+-----+--------+

Top non-repeatable levels by time:
     D:1: 1494 daAuts
     D:3: 1481 daAuts
     D:2: 1069 daAuts
     D:4: 231 daAuts
